 Dungeon Crawl Stone Soup version 0.27-a0-334-g52645efa06 (webtiles) character file.

Game seed: 7327737093004882228

60 Chiseanne the Sneak (level 3, 0/19 HPs)
             Began as a Spriggan Monk on Feb 13, 2021.
             Slain by a hound (3 damage)
             ... on level 5 of the Dungeon.
             The game lasted 00:03:54 (1004 turns).

Chiseanne the Sneak (Spriggan Monk)                 Turns: 1004, Time: 00:03:55

Health: 0/19       AC:  2    Str:  7    XL:     3   Next: 80%
Magic:  4/4        EV: 20    Int: 11    God:
Gold:   114        SH:  0    Dex: 18    Spells: 2/2 levels left

rFire    . . .     SeeInvis +   a - +0 short sword
rCold    . . .     Faith    .   (shield restricted)
rNeg     . . .     Spirit   .   b - +0 robe
rPois    .         Reflect  .   (helmet restricted)
rElec    .         Harm     .   (no cloak)
rCorr    .         Rampage  .   (gloves unavailable)
Will     .....                  (boots unavailable)
Stlth    +++.......             (no amulet)
HPRegen  0.06/turn              (no ring)
MPRegen  0.09/turn              (no ring)

@: very quick
A: very small, unfitting armour, see invisible, speed 3
a: no special abilities


You were on level 5 of the Dungeon.
You visited 1 branch of the dungeon, and saw 5 of its levels.

You collected 114 gold pieces.

Inventory:

Hand Weapons
 a - a +0 short sword (weapon)
Missiles
 f - 42 bolts
 k - 9 arrows
Armour
 b - a +0 robe (worn)
Jewellery
 d - a ring of magical power {unknown}
Scrolls
 c - a scroll of blinking
 h - a scroll of fear
 l - a scroll of identify
Potions
 e - a potion of curing
 g - a potion of ambrosia
 i - a potion of heal wounds
 j - a potion of might {unknown}


   Skills:
 - Level 2.4 Fighting
 + Level 3.8 Short Blades
 + Level 4.6 Dodging
 * Level 5.1 Stealth


You had 2 spell levels left.
You didn't know any spells.
Your spell library was empty.

Dungeon Overview and Level Annotations

Branches:
Dungeon (5/15)
 Temple: D:4-7

Altars:
Makhleb
Nemelex Xobeh


Innate Abilities, Weirdness & Mutations

You are very small and have problems with some larger weapons.
You are too small for most types of armour.
You have supernaturally acute eyesight. (SInv)
You cover ground extremely quickly.


Message History

The centaur skeleton barely misses you. The centaur skeleton misses you.
Found 13 stones.
You see here 13 stones.
Found a rapier.
You hear the slow hiss of a distant avalanche of sand.
You hear the slow rusting of a very distant drain.
Found 21 sling bullets.
You see here 20 gold pieces.
You now have 114 gold pieces (gained 20).
The hound misses you.
There is a stone staircase leading down here.
The hound completely misses you.
You climb downwards.
A worker ant comes into view.
Found 7 gold pieces and 26 sling bullets.
There is a stone staircase leading up here.
The helpless worker ant fails to defend itself.
You impale the worker ant!!
You kill the worker ant!
The hound bites you.
Your Stealth skill increases to level 5!
You barely miss the hound. The hound barely misses you. The hound misses you.
You hit the hound.
The hound is lightly wounded.
The hound completely misses you.
You hit the hound but do no damage.
The hound is lightly wounded.
The hound barely misses you.
You barely miss the hound.
The hound is lightly wounded.
The hound barely misses you. The hound bites you.
* * * LOW HITPOINT WARNING * * *
You closely miss the hound.
The hound is lightly wounded.
The hound misses you.
You closely miss the hound.
The hound is lightly wounded.
The hound bites you.
You die...

### #..
#.####
#.#.. ..(.
# #..
#.#.#######
#.h@†...$..
###########


You could see a hound.

Vanquished Creatures
  A worker ant (D:5)
  An adder (D:4)
  A worm (D:3)
  A leopard gecko (D:3)
  An orc (D:3)
  A giant cockroach (D:1)
  2 goblins
  5 hobgoblins
  A quokka (D:3)
  A ball python (D:1)
  4 bats
  2 kobolds (D:1)
  A quokka skeleton (D:4)
  2 rats
24 creatures vanquished.

Notes
Turn   | Place    | Note
-------+----------+-------------------------------------------
     0 | D:1      | Chiseanne the Spriggan Monk began the quest for the Orb.
     0 | D:1      | Reached XP level 1. HP: 11/11 MP: 2/2
   528 | D:2      | Reached XP level 2. HP: 14/16 MP: 3/3
   569 | D:1      | Found a sparkling altar of Nemelex Xobeh.
   708 | D:2      | Reached skill level 4 in Stealth
   903 | D:4      | Found a burning altar of Makhleb.
   910 | D:4      | Reached XP level 3. HP: 19/19 MP: 4/4
   931 | D:4      | Noticed an ogre
   997 | D:5      | Entered Level 5 of the Dungeon
   999 | D:5      | Reached skill level 5 in Stealth
  1004 | D:5      | Slain by a hound

Illustrated notes

Levels and vault maps discovered:
D:1:      lemuel_arrival_lava_pool, layout_basic,
          nemelex_xobeh_ov_fountains_minmay
D:2:      layout_basic, nicolae_dithmenos_shadow_blocks, uniq_natasha
D:3:      layout_rooms, grunt_temple_overflow_order_and_chaos_2,
          serial_bayou_ford_a, kennysheep_doodads
D:4:      layout_basic, bloody_trog, kennysheep_slug_shrine,
          portal_sewer_entry_a, enter_ossuary_1, minmay_misc_feat_square,
          bloody_makhleb, uniq_eustachio
D:5:      layout_basic, minmay_temple_entry_overgrown, uniq_grinder

Skill      XL: |  1  2  3 |
---------------+----------+-----
Stealth        | 4 5 |  5.1
Fighting       | |  2.4
Short Blades   | |  3.8
Dodging        | |  4.6

Action                   || total
-------------------------++-------
Melee: Short sword       ||    81
  Use: Scroll            ||     7
 Stab: Sleeping          ||     9
Armor: Robe              ||     2
Dodge: Dodged            ||    67

Table legend: (Time is in decaauts)
 A = Elapsed time spent in this place.
 B = Non-inter-level travel time spent in this place.
 C = Inter-level travel time spent in this place.
 D = Time resting spent in this place.
 E = Time spent auto-exploring this place.
 F = Levels seen in this place.
 G = Mean time per level.
                   A        B        C        D        E       F      G
               +--------+--------+--------+--------+--------+-----+--------+
         Total |    764 |    701 |     63 |    269 |     12 |   5 |  152.8 |
       Dungeon |    764 |    701 |     63 |    269 |     12 |   5 |  152.8 |
               +--------+--------+--------+--------+--------+-----+--------+

Top non-repeatable levels by time:
     D:1: 441 daAuts
     D:2: 147 daAuts
     D:3: 109 daAuts
     D:4: 60 daAuts
     D:5: 6 daAuts
